 Dungeon Crawl Stone Soup version 0.18.1-5-g4a78601 (webtiles) character file.

51 eeldvark the Poker (level 3, -5/32 HPs)
             Began as a Naga Warper on May 14, 2016.
             Killed from afar by Ijyb (15 damage)
             ... with a wand of lightning
             ... on level 2 of the Dungeon.
             The game lasted 00:06:00 (1549 turns).

eeldvark the Poker (Naga Warper)                    Turns: 1549, Time: 00:06:01

Health: -5/32      AC:  2    Str: 13    XL:     3   Next: 83%
Magic:  4/6        EV:  9    Int: 13    God:
Gold:   108        SH:  0    Dex: 11    Spells: 3 memorised, 1 level left

rFire  . . .     SeeInvis +     a - +0 spear
rCold  . . .     Gourm    .     b - +0 leather armour
rNeg   . . .     Faith    .     (no shield)
rPois  +         Spirit   .     (no helmet)
rElec  .         Dismiss  .     (no cloak)
rCorr  .         Reflect  .     (no gloves)
SustAt .         Harm     .     (no barding)
MR     .....                    (no amulet)
Stlth  +.........               (no ring)
                                (no ring)

@: short of breath, shrouded, very slow, not resistant to hostile enchantments,
very unstealthy
A: see invisible, deformed body, poison resistance, slowness 2, slow metabolism
1, spit poison 2, AC +1
a: Spit Poison


You were on level 2 of the Dungeon.
You were not hungry.

You visited 1 branch of the dungeon, and saw 2 of its levels.

You collected 108 gold pieces.

Inventory:

Hand Weapons
 a - a +0 spear (weapon)
Missiles
 e - 5 tomahawks of dispersal (quivered)
Armour
 b - a +0 leather armour (worn)
Scrolls
 d - a scroll of blinking
 k - a scroll of remove curse {unknown}
 m - 2 scrolls of identify {unknown}
 n - a scroll of teleportation {unknown}
 p - a scroll of random uselessness {unknown}
Potions
 g - a potion of flight {unknown}
 h - a potion of cure mutation {unknown}
 i - 2 potions of berserk rage {unknown}
 j - a potion of curing {unknown}
 o - a potion of haste {unknown}
Books
 c - a book of Spatial Translocations

   Spells                             Type                      Level
   a - Apportation                    Translocation                1
   b - Blink                          Translocation                2
   c - Shroud of Golubria             Charms/Translocation         2
   d - Portal Projectile              Translocation                3
   e - Teleport Other                 Translocation                3
   f - Passage of Golubria            Translocation                4
Comestibles
 f - a bread ration
 l - 3 meat rations


   Skills:
 - Level 2.0 Fighting
 * Level 3.6 Polearms
 - Level 0.8 Throwing
 - Level 0.7 Armour
 - Level 1.5 Dodging
 + Level 1.4 Stealth
 - Level 2.0 Spellcasting
 + Level 1.0 Charms
 - Level 3.0 Translocations


You had one spell level left.
You knew the following spells:

 Your Spells              Type           Power        Failure   Level  Hunger
a - Apportation           Tloc           #.........   12%         1    ##.....
b - Blink                 Tloc           N/A          14%         2    ###....
c - Shroud of Golubria    Chrm/Tloc      #.........   21%         2    ###....


Dungeon Overview and Level Annotations

Branches:
Dungeon (2/15)

Altars:

Annotations:
D:2 Ijyb


Innate Abilities, Weirdness & Mutations

You cannot wear boots.
Your serpentine skin is tough (AC +1).
You have supernaturally acute eyesight.
Armour fits poorly on your strangely shaped body.
Your system is resistant to poisons.
You cover ground very slowly.
You have a slow metabolism.
You can spit poison.


Message History

All of the chunks of flesh in your inventory have rotted away.
Ijyb the Twisted Goblin comes into view.
He is wielding a dagger.
A ball python comes into view.
Ijyb zaps a wand.
The bolt of lightning hits you!
It is a wand of lightning.
Ijyb zaps a wand.
The bolt of lightning misses you.
Ijyb zaps a wand.
The bolt of lightning hits you! Ijyb hits you with a dagger.
* * * LOW HITPOINT WARNING * * *
Ijyb hits you but does no damage.
Press: ? - help, Shift-Dir - straight line, f - Ijyb
Aim: Ijyb, wielding a dagger and carrying a wand of lightning {zapped: 3} The splash of poison misses Ijyb.
The splash of poison hits the ball python.
The ball python is poisoned.
The ball python is moderately wounded.
You feel slightly more hungry. Ijyb hits you but does no damage.
Cast which spell? (? or * to list) Space distorts slightly along a thin shroud covering your body.
Ijyb zaps a wand.
The bolt of lightning hits you!
You die...

......................†..>.......
##...#########)########....#####.
#...#.........# ##...# #.
#...#.######### #...#####÷
#.....# #...#...#. #.#.#.#
#...#.#.#. #...#.# #...#.#.#.
####### ###############...#.#.#.
.....Sg@..........#.#.#.
################..#.#<#.
#..#.###. #..#..... #..######
#...##### ########...##...
#..........##.##
#######.#######..##.#.


You could see Ijyb and a ball python.

Vanquished Creatures
  2 adders (D:2)
  An ooze (D:2)
  A worm (D:2)
  A giant gecko (D:1)
  A ball python (D:1)
  2 giant cockroaches (D:1)
  2 hobgoblins (D:1)
  2 bats (D:1)
  3 giant newts
  3 goblins
  6 kobolds
  5 rats
29 creatures vanquished.

Notes
Turn   | Place    | Note
--------------------------------------------------------------
     0 | D:1      | eeldvark the Naga Warper began the quest for the Orb.
     0 | D:1      | Reached XP level 1. HP: 19/19 MP: 3/3
   344 | D:1      | Reached XP level 2. HP: 16/26 MP: 5/5
   831 | D:1      | Learned a level 2 spell: Blink
   834 | D:1      | Learned a level 2 spell: Shroud of Golubria
   932 | D:2      | Reached XP level 3. HP: 17/32 MP: 6/6
  1117 | D:2      | Reached skill level 1 in Stealth
  1117 | D:2      | Reached skill level 1 in Charms
  1542 | D:2      | Noticed Ijyb
  1549 | D:2      | Killed from afar by Ijyb

Skill      XL: |  1  2  3 |
---------------+----------+-----
Polearms       | 3 |  3.6
Stealth        | 1 |  1.4
Charms         | 1 |  1.0
Fighting       | |  2.0
Throwing       | |  0.8
Armour         | |  0.7
Dodging        | |  1.5
Spellcasting   | |  2.0
Translocations | |  3.0

Action                   || total
-------------------------++-------
Melee: Spear             ||   119
 Cast: Shroud of Golubri ||     1
 Abil: Spit Poison       ||     3
  Eat: Chunk             ||     1
Armor: Leather armour    ||    12
Dodge: Dodged            ||    42
